 Dungeon Crawl Stone Soup version 0.17.0-28-g6e173f8 (webtiles) character file.

10489 dohliylev the Blocker (level 11, 0/71 HPs)
             Began as a Gargoyle Fighter on Nov 29, 2015.
             Was a Believer of Elyvilon.
             Slain by a hill giant
             ... wielding a +0 giant spiked club
              (14 damage)
             ... on level 8 of the Dungeon.
             The game lasted 00:55:27 (10741 turns).

dohliylev the Blocker (Gargoyle Fighter)           Turns: 10741, Time: 00:55:27

Health: 0/71       AC: 34    Str: 23    XL:     11   Next: 62%
Magic:  16/16      EV:  4    Int:  9    God:    Elyvilon [**....]
Gold:   471        SH: 12    Dex:  9    Spells: 0 memorised, 17 levels left

rFire  . . .     SeeInvis .     O - +2 mace (protect)
rCold  . . .     Clarity  .     o - +0 crystal plate armour
rNeg   + . .     SustAt   +     l - +0 shield
rPois  ∞         Gourm    .     (no helmet)
rElec  +         Spirit   .     D - +0 cloak
rCorr  .         Warding  .     v - +0 pair of gloves
rMut   .         Stasis   .     (no boots)
MR     .....                    (no amulet)
Stlth  ..........               (no ring)
                                s - ring of sustain attributes

@: not resistant to hostile enchantments, extremely unstealthy
A: negative energy resistance 1, electricity resistance, unbreathing,
petrification resistance, rot immunity, AC +7
a: Lesser Healing, Heal Other, Divine Protection, Renounce Religion


You were on level 8 of the Dungeon.
You worshipped Elyvilon.
Elyvilon was pleased with you.
You were not hungry.

You visited 2 branches of the dungeon, and saw 12 of its levels.
You also visited: Ossuary.

You collected 471 gold pieces.

Inventory:

Hand Weapons
 a - a +0 war axe
 G - a +0 flail of venom
 N - a +3 hand axe
 O - a +2 mace of protection (weapon)
Armour
 l - a +0 shield (worn)
 o - a +0 crystal plate armour (worn)
 v - a +0 pair of gloves (worn)
 D - a +0 cloak (worn)
 J - a +0 robe of positive energy
Jewellery
 s - a ring of sustain attributes (left hand)
 F - a cursed ring of loudness {unknown}
Wands
 g - a wand of confusion (10)
 y - a wand of digging (15)
 L - a wand of polymorph (7)
Scrolls
 b - 4 scrolls of amnesia
 c - 3 scrolls of blinking
 i - 2 scrolls of magic mapping
 k - a scroll of fear
 m - 4 scrolls of recharging
 p - 3 scrolls of immolation
 u - 3 scrolls of fog {unknown}
 w - 2 scrolls of enchant armour {unknown}
 B - 3 scrolls of identify
 H - a scroll of brand weapon {unknown}
 I - a scroll of teleportation {unknown}
Potions
 d - a potion of might
 f - 8 potions of curing {unknown}
 j - 3 potions of brilliance {unknown}
 q - 3 potions of flight {unknown}
 r - 2 potions of cure mutation {unknown}
 t - 3 potions of cancellation {unknown}
 x - 3 potions of ambrosia {unknown}
 z - 4 potions of agility {unknown}
 A - 4 potions of heal wounds {unknown}
Books
 C - a Fen Folio

   Spells                             Type                      Level
   a - Corpse Rot                     Necromancy                   2
   b - Stone Arrow                    Conjuration/Earth            3
   c - Leda's Liquefaction            Hexes/Earth                  4
   d - Summon Forest                  Summoning/Translocation      5
   e - Hydra Form                     Transmutation                6
   f - Summon Hydra                   Summoning                    7
 K - a book of Burglary

   Spells                             Type                      Level
   a - Swiftness                      Charms/Air                   2
   b - Passwall                       Transmutation/Earth          3
   c - Passage of Golubria            Translocation                4
   d - Lee's Rapid Deconstruction     Earth                        5
   e - Darkness                       Hexes                        6
   f - Invisibility                   Hexes                        6
 M - a book of Unlife

   Spells                             Type                      Level
   a - Recall                         Summoning/Translocation      3
   b - Animate Dead                   Necromancy                   4
   c - Control Undead                 Necromancy                   4
   d - Cigotuvi's Embrace             Necromancy                   5
   e - Death Channel                  Necromancy                   6
   f - Simulacrum                     Ice/Necromancy               6
   Elyvilon disapproves of the use of such an item.
 Q - a book of Cantrips

   Spells                             Type                      Level
   a - Corona                         Hexes                        1
   b - Animate Skeleton               Necromancy                   1
   c - Summon Small Mammal            Summoning                    1
   d - Apportation                    Translocation                1
 R - a book of Party Tricks

   Spells                             Type                      Level
   a - Summon Butterflies             Summoning                    1
   b - Apportation                    Translocation                1
   c - Tukima's Dance                 Hexes                        3
   d - Alistair's Intoxication        Transmutation/Poison         4
   e - Invisibility                   Hexes                        6
Comestibles
 e - 5 bread rations
 h - 7 fruits
 n - 2 slices of pizza
 E - 4 meat rations
 P - 10 royal jellies


   Skills:
 * Level 9.3 Fighting
 + Level 8.0(8.1) Axes
 + Level 2.5(6.1) Maces & Flails
 * Level 8.7 Armour
 + Level 0.4 Dodging
 * Level 11.8 Shields
 - Level 3.6 Spellcasting


You had 17 spell levels left.
You didn't know any spells.

Dungeon Overview and Level Annotations

Branches:
Dungeon (11/15)            Temple (1/1) D:4            Lair (0/8) D:9
    Orc: D:9-12

Altars:
Ashenzari
Cheibriados
Dithmenos
Elyvilon
Fedhas
Gozag
Kikubaaqudgha
Makhleb
Nemelex Xobeh
Okawaru
Qazlal
Ru
Sif Muna
Trog
Vehumet
Xom
Yredelemnul
Zin
The Shining One

Shops:
D:6 *   D:7 :   D:10 =

Annotations:
D:8 Maurice


Innate Abilities, Weirdness & Mutations

You are resistant to torment.
Your stone body is resilient (AC +7).
You are immune to poison.
You resist negative energy.
You are resistant to electric shocks.
You can survive without breathing.
You are immune to petrification.
You are immune to rotting.


Message History

Your crystal plate armour prevents you from hitting something.
You start resting.
HP restored.
Done exploring.
There is a stone staircase leading down here.
You climb downwards.
The hill giant hits you with a giant spiked club!!
There is a stone staircase leading up here.
You thump the hill giant!
The hill giant is lightly wounded.
The hill giant hits you with a giant spiked club!
You hit the hill giant.
The hill giant is moderately wounded.
The hill giant hits you with a giant spiked club!!
* * * LOW HITPOINT WARNING * * *
You climb upwards.
Level annotation: Maurice
There is a stone staircase leading down here.
The hill giant hits you with a giant spiked club!
You die...

###.#.# #...## #.#.# ##.##
#.#.## #.# #....# #.#
##....######.######
##.................#
#..#...%.......###.#
#........####...##.#
#.#.......>C@...##.#
#.#.....#####...##.#######
#.#.###........###.......#
#.#.###.#####..# #######.#
#.#.....# #..# ##....##
#.####..# #..#####....#.###
#.......# #..........###.[.
#####...#####..#####....#.###
#.........## ##.##.## #


You could see a hill giant.

Vanquished Creatures
  Erica (D:9)
  The ghost of lorenzova the Thaumaturge, a novice DECj of Vehumet (D:10)
  The ghost of septik the Cudgeler, a novice GrFi of Okawaru (D:6)
  A gargoyle (D:11)
  A fire drake (D:9)
  Prince Ribbit (D:5)
  A two-headed ogre (D:8)
  Sigmund (D:5)
  12 yaks
  A deep elf mage (D:9)
  2 hippogriffs (D:8)
  2 water moccasins
  The ghost of lucasterio the Digger, an amateur GrEE (D:3)
  2 sky beasts (D:6)
  An ice beast (D:6)
  2 black bears
  3 necrophages
  5 ogres
  3 orc warriors
  2 phantoms (D:8)
  8 centaurs
  5 giant frogs
  Blork the orc (D:4)
  2 big kobolds
  2 wyvern skeletons (D:9)
  A scorpion (D:9)
  A water moccasin skeleton (D:8)
  7 wights (D:9)
  4 crimson imps
  2 centaur zombies (Ossuary)
  5 human zombies
  3 giant frog skeletons
  5 hounds
  6 jellies
  Crazy Yiuf (D:5)
  8 orc priests
  9 orc wizards
  6 iguanas
  13 worker ants
  2 ogre zombies (D:9)
  2 big kobold zombies (Ossuary)
  A hound skeleton (D:8)
  4 mummies
  12 adders
  7 gnolls (D:4)
  3 shadow imps
  5 oozes (D:9)
  4 adder skeletons
  4 worms
  2 adder zombies
  3 giant geckos
  43 orcs
  7 giant cockroaches
  2 goblins (D:1)
  A hobgoblin (D:2)
  17 jackals
  16 kobolds
  5 quokkas
  2 ball pythons
  9 bats
  3 giant newts
  2 goblin zombies (Ossuary)
  8 hobgoblin zombies (Ossuary)
  2 jackal zombies (Ossuary)
  14 kobold zombies (Ossuary)
  An orc skeleton (D:9)
  4 orc zombies (Ossuary)
  A quokka zombie (D:7)
  5 rats
324 creatures vanquished.

Vanquished Creatures (others)
  A swamp worm (shapeshifter) (D:8)
1 creature vanquished.

Grand Total: 325 creatures vanquished

Notes
Turn   | Place    | Note
--------------------------------------------------------------
     0 | D:1      | dohliylev the Gargoyle Fighter began the quest for the Orb.
     0 | D:1      | Reached XP level 1. HP: 14/14 MP: 1/1
   188 | D:1      | Reached XP level 2. HP: 17/19 MP: 2/2
  1027 | D:2      | Reached XP level 3. HP: 24/24 MP: 3/3
  1263 | D:2      | Reached skill level 4 in Fighting
  1436 | D:3      | Noticed lucasterio's ghost (amateur GrEE)
  1467 | D:3      | Killed lucasterio's ghost
  1467 | D:3      | Reached XP level 4. HP: 20/29 MP: 4/4
  1467 | D:3      | Reached XP level 5. HP: 22/33 MP: 5/5
  1959 | D:4      | Found a snail-covered altar of Cheibriados.
  2048 | D:4      | Reached XP level 6. HP: 35/39 MP: 6/6
  2092 | D:4      | Found a basalt altar of Yredelemnul.
  2193 | D:4      | Reached skill level 5 in Shields
  2225 | D:4      | Found a staircase to the Ecumenical Temple.
  2234 | Temple   | Entered the Ecumenical Temple
  2499 | D:4      | Found a sand-covered staircase.
  2503 | Ossuary  | Entered an ossuary
  2693 | Ossuary  | Reached XP level 7. HP: 39/44 MP: 7/7
  2763 | Ossuary  | Reached skill level 5 in Armour
  2802 | Ossuary  | Reached skill level 5 in Fighting
  2884 | D:4      | Noticed Blork the orc
  2903 | D:4      | Killed Blork the orc
  3021 | D:4      | Found a white marble altar of Elyvilon.
  3031 | D:4      | Became a worshipper of Elyvilon the Healer
  3227 | D:5      | Entered Level 5 of the Dungeon
  3273 | D:5      | Found a radiant altar of Vehumet.
  3322 | D:5      | Noticed Crazy Yiuf
  3334 | D:5      | Killed Crazy Yiuf
  3334 | D:5      | Reached skill level 6 in Shields
  3419 | D:5      | Found a deep blue altar of Sif Muna.
  3497 | D:5      | Noticed Sigmund
  3500 | D:5      | Noticed Prince Ribbit
  3511 | D:5      | Killed Sigmund
  3511 | D:5      | Reached XP level 8. HP: 29/50 MP: 8/8
  3820 | D:5      | Killed Prince Ribbit
  4052 | D:5      | Reached skill level 7 in Shields
  4292 | D:6      | Found a stormy altar of Qazlal.
  4389 | D:6      | Reached skill level 5 in Axes
  4474 | D:6      | Found Ophaomp's Assorted Antiques.
  4508 | D:6      | Reached XP level 9. HP: 39/55 MP: 9/9
  4574 | D:6      | Reached * piety under Elyvilon
  4643 | D:6      | Found an iron altar of Okawaru.
  4651 | D:6      | Noticed septik's ghost (novice GrFi)
  4666 | D:6      | Reached skill level 8 in Shields
  4710 | D:6      | Killed septik's ghost
  5323 | D:7      | Reached skill level 9 in Shields
  5399 | D:7      | Found Niutz's Book Shop.
  5738 | D:7      | Found a bloodstained altar of Trog.
  5981 | D:8      | Reached XP level 10. HP: 50/63 MP: 10/10
  5984 | D:8      | Reached skill level 1 in Spellcasting
  6406 | D:8      | Found a burning altar of Makhleb.
  6616 | D:8      | Reached skill level 10 in Shields
  6718 | D:8      | Found a shattered altar of Ashenzari.
  6723 | D:8      | Noticed Maurice
  6997 | D:8      | Found a shimmering altar of Xom.
  6997 | D:8      | Found a shimmering altar of Xom.
  7006 | D:8      | Found a shimmering altar of Xom.
  7006 | D:8      | Found a shimmering altar of Xom.
  7006 | D:8      | Found a shimmering altar of Xom.
  7006 | D:8      | Found a shimmering altar of Xom.
  7006 | D:8      | Found a shimmering altar of Xom.
  7007 | D:8      | Found a shimmering altar of Xom.
  7028 | D:8      | Noticed a water nymph
  7028 | D:8      | a spriggan changed into a water nymph
  7334 | D:9      | Found a staircase to the Lair.
  7638 | D:9      | Reached ** piety under Elyvilon
  7804 | D:9      | Reached XP level 11. HP: 59/69 MP: 16/16
  8412 | D:9      | Reached skill level 1 in Maces & Flails
  8453 | D:9      | Found an ancient bone altar of Kikubaaqudgha.
  8528 | D:9      | Reached skill level 11 in Shields
  8647 | D:9      | Noticed Erica
  8697 | D:9      | Killed Erica
  8753 | D:10     | Entered Level 10 of the Dungeon
  9086 | D:10     | Found Tosereysh's Jewellery Shop.
  9395 | D:10     | Noticed lorenzova's ghost (novice DECj)
  9415 | D:10     | Killed lorenzova's ghost
 10359 | D:11     | Noticed a hill giant
 10362 | D:11     | Noticed a hill giant
 10741 | D:8      | Slain by a hill giant

Action                   |  1- 3 |  4- 6 |  7- 9 | 10-12 || total
-------------------------+-------+-------+-------+-------++-------
Melee: War axe           |   171 |   230 |   602 |   487 ||  1490
       Hand axe          |       |       |    23 |       ||    23
       Flail             |       |       |    10 |       ||    10
       Mace              |       |       |       |   423 ||   423
  Use: Scroll            |       |     8 |     1 |     1 ||    10
  Eat: Chunk             |     2 |     4 |     8 |    14 ||    28
       Bread ration      |       |       |     1 |     1 ||     2
